 Dungeon Crawl Stone Soup version 0.28.0-45-g0d030f2227 (webtiles) character file.

Game seed: 7545322830789285609

77 Icepheonix32 the Firebug (level 4, -1/24 HPs)
             Began as a Tengu Fire Elementalist on Apr 16, 2022.
             Killed by divine providence
             ... invoked by an orc priest
              (11 damage)
             ... on level 3 of the Dungeon.
             The game lasted 00:02:59 (2478 turns).

Icepheonix32 the Firebug (Tengu Fire Elementalist)  Turns: 2478, Time: 00:03:01

Health: -1/24      AC:  2    Str:  9    XL:     4   Next: 34%
Magic:  7/8        EV: 13    Int: 17    God:
Gold:   64         SH:  0    Dex: 14    Spells: 4/7 levels left

rFire   + . .      SeeInvis .   j - +1 short sword (drain)
rCold   + . .      Faith    .   (no shield)
rNeg    . . .      Spirit   .   a - +0 robe
rPois   .          Reflect  .   (helmet restricted)
rElec   .          Harm     .   h - scarf {rC+ rF+}
rCorr   .          Rampage  .   (no gloves)
Will    .....                   (boots unavailable)
Stlth   ++........              (no amulet)
HPRegen 0.08/turn               (no ring)
MPRegen 0.11/turn               (no ring)

@: no status effects
A: beak, talons 3
a: no special abilities


You were on level 3 of the Dungeon.
You visited 1 branch of the dungeon, and saw 3 of its levels.

You collected 64 gold pieces.

Inventory:

Hand Weapons
 c - a +0 spear
 j - a +1 short sword of draining (weapon)
Armour
 a - a +0 robe (worn)
 h - a scarf of resistance (worn)
Scrolls
 d - a scroll of identify
 e - 2 scrolls of vulnerability
 f - a scroll of teleportation
 g - 5 scrolls of blinking


   Skills:
 * Level 3.2 Dodging
 - Level 2.0 Stealth
 - Level 2.0 Spellcasting
 + Level 2.3 Conjurations
 + Level 4.6 Fire Magic


You had 4 spell levels left.
You knew the following spells:

 Your Spells              Type           Power      Damage    Failure   Level
a - Foxfire               Conj/Fire      52%        2x1d6     4%          1
b - Scorch                Fire           34%        2d7       4%          2

Your spell library contained the following spells:

 Spells                   Type           Power      Damage    Failure   Level
 Conjure Flame            Conj/Fire      13%        6-21      14%         3
 Sandblast                Erth           2%         2d4       19%         1
 Inner Flame              Hex/Fire       9%         N/A       22%         3
 Passwall                 Tmut/Erth      0%         N/A       28%         2
 Stone Arrow              Conj/Erth      10%        3d7       36%         3
 Flame Wave               Conj/Fire      13%        2d6       43%         4


Dungeon Overview and Level Annotations

Branches:
Dungeon (3/15)

Altars:


Innate Abilities, Weirdness & Mutations

You have a beak for a mouth.
You have claws for feet.


Message History

A hobgoblin is nearby!
You conjure some foxfire!
You conjure some foxfire!
You conjure some foxfire!
The foxfire hits the hobgoblin.
The hobgoblin is severely wounded.
The foxfire hits the hobgoblin.
The hobgoblin is almost dead.
The foxfire hits the hobgoblin but does no damage.
The hobgoblin is almost dead.
Your foxfire dissipates! x2
A hobgoblin is nearby!
A hobgoblin is nearby!
The foxfire hits the hobgoblin.
You kill the hobgoblin!
No target in view!
You now have 54 gold pieces (gained 9).
You now have 64 gold pieces (gained 10).
You hear the rusting of a drain nearby.
An orc comes into view. It is wielding a +0 dagger.
An orc is nearby!
An orc is nearby!
An orc comes into view. It is wielding a +0 trident.
The orc shouts!
An orc priest comes into view. It is wielding a +0 club.
You conjure some foxfire!
The orc shouts!
The orc priest shouts!
An orc comes into view. It is wielding a +0 flail.
The orc priest mumbles some strange prayers to Beogh against you.
Beogh smites you!
Ouch! That really hurt!
The orc shouts!
Unknown command.
The foxfire hits the orc.
The orc is heavily wounded.
The foxfire hits the orc.
The orc is almost dead.
There is an escape hatch in the ceiling here.
The orc priest invokes the aid of Beogh against you.
Beogh smites you!
You die...

...............###
....o.............
....oo................
....o................###
........................
.......................#
......[................#
.......................#
..........@...†......(.#
.......................#
.......................#
.......................+
......................#
..............####'#####
..............#........#
..............#........#
..............#........#


You could see an orc priest and 3 orcs.

Vanquished Creatures
  2 adders (D:2)
  3 worms
  3 dart slugs
  3 ball pythons
  6 bats
  2 endoplasms
  3 giant cockroaches
  3 hobgoblins
  A jackal (D:1)
  4 kobolds
  2 quokkas
  A frilled lizard (D:1)
  5 goblins
  5 rats
43 creatures vanquished.

Vanquished Creatures (others)
  110 foxfires
110 creatures vanquished.

Grand Total: 153 creatures vanquished

Notes
Turn   | Place    | Note
-------+----------+-------------------------------------------
     0 | D:1      | Icepheonix32 the Tengu Fire Elementalist began the quest
                  | for the Orb.
     0 | D:1      | Reached XP level 1. HP: 10/10 MP: 4/4
   114 | D:1      | Found a faded altar of an unknown god.
   120 | D:1      | Reached XP level 2. HP: 15/15 MP: 0/6
   309 | D:1      | You fall into a shaft and drop 1 floor!
   540 | D:1      | Reached skill level 4 in Fire Magic
   949 | D:2      | Reached XP level 3. HP: 19/19 MP: 7/7
  1598 | D:2      | Learned a level 2 spell: Scorch
  1829 | D:2      | Reached XP level 4. HP: 9/24 MP: 4/8
  2478 | D:3      | Killed from afar by an orc priest

Illustrated notes

Levels and vault maps discovered:
D:1:      lemuel_arrival_broad_hall, layout_basic,
          shapermc_ecumenical_altar_starsandcircs, st_stairs_7
D:2:      layout_basic
D:3:      layout_basic, gup_sewer_entry_bubbles, cheibrodos_gnoll_hut

Skill      XL: |  1  2  3 |
---------------+----------+-----
Fire Magic     | 4 |  4.6
Dodging        | 3 |  3.2
Conjurations   | 2 |  2.3
Stealth        | |  2.0
Spellcasting   | |  2.0

Action                   |  1- 3 |  4- 6 || total
-------------------------+-------+-------++-------
Melee: Spear             |    66 |       ||    66
       Peck              |    10 |       ||    10
       Kick              |     9 |     1 ||    10
       Short sword       |       |     7 ||     7
 Cast: Foxfire           |    53 |    12 ||    65
  Use: Scroll            |       |     5 ||     5
 Stab: Sleeping          |     5 |     2 ||     7
Armor: Robe              |    15 |       ||    15
Dodge: Dodged            |    42 |     2 ||    44
